← All builds
Suicide front / Armada / Factory first / OBSERVED BUILD

Standard suicide front

Armada Suicide front build order · Supreme Isthmus

The role's baseline: Bot Lab at 0:21 then straight into reclaim-fed T1 bot production to contest the middle and hold until T2 arrives, with an Advanced Metal Extractor around 9:45.

#rush · 2020 distinct matches · 232 players · 71% of Armada Suicide front games · team won 59% of 2395 · Recently observed

HOW TO PLAY IT

Key timing: Bot Lab by 0:20

  1. Open with mex and lab-first to get Bot Lab up by 0:20.
  2. Expand mex and wind while lab pumps units toward middle.
  3. Push Sentry and early Rocketeer, Centurion to contest middle.
  4. Get T2 constructor out once Pond's boost lets you spare metal.
  5. Upgrade mex to Advanced Metal Extractor as you transition off T1 spam.

Phase by phase

TYPICAL OF ITS 2020 GAMES
  1. 1
  2. 2
  3. 3
PLAY THE OPENING

Follow the example game's first 6:00 step by step: what to build now, what comes next, and where it goes. At 1× it keeps pace with your own game.

  1. 1

    Bot Lab first

    Order
    1. Bot LabBot Lab done ~0:21, middle half 0:20–0:33

    Some games also: mex (44%)

  2. 2

    Bot Lab to 5:00

    Economy
    • Metal Extractor5Mex
    • Wind Turbine4Wind
    Builders
    • Construction Bot3 Con bot
    • Lazarus2 Lazarus
    Army
    • Sentry4 Sentry
    • Rocketeer16 Rocketeer
    • Tick2 Tick
    • Centurion1 Centurion
    Other
    • Radar Tower1 Radar Tower

    Some games also: pawn (37%) · con turret (34%)

    By 5:00 in all: 5 mex · 4 wind

    The example game in this phase · 35 steps
    1. LazarusLazarus
    2. SentrySentry
    3. Mex
    4. Construction BotCon bot
    5. Con turret
    6. PawnPawn
    7. LazarusLazarus
    8. CenturionCenturion
    9. Mex
    10. RocketeerRocketeer ×3
    11. BeamerBeamer
    12. RocketeerRocketeer ×2
    13. BeamerBeamer
    14. LazarusLazarus
    15. BeamerBeamer
    16. LazarusLazarus
    17. CenturionCenturion
    18. BeamerBeamer ×2
    19. RocketeerRocketeer
    20. Construction BotCon bot
    21. RocketeerRocketeer
    22. Mex
    23. RocketeerRocketeer
    24. SentrySentry
    25. Radar TowerRadar Tower
    26. RocketeerRocketeer
    27. SentrySentry
    28. RocketeerRocketeer
    29. Wind
    30. RocketeerRocketeer
    31. SentrySentry
    32. Wind
    33. RocketeerRocketeer
    34. Wind
    35. Dragon's TeethDragon's Teeth
  3. 3

    5:00 to 10:00

    Economy
    • Metal Extractor1Mex
    • Wind Turbine15Wind
    Builders
    • Construction Turret2 Con turret
    • Lazarus2 Lazarus
    • Construction Bot1 Con bot
    Army
    • Sentry1 Sentry
    • Rocketeer8 Rocketeer

    Some games also: pawn (49%) · Radar Tower (46%) · tick (45%) · centurion (44%) · energy storage (43%) · eat Bot Lab (31%)

    By 10:00 in all: 6 mex · 21 wind · 1 energy storage · 2 con turret

    The example game in this phase · 235 steps
    1. Dragon's TeethDragon's Teeth
    2. RocketeerRocketeer
    3. Dragon's TeethDragon's Teeth
    4. Wind
    5. Dragon's TeethDragon's Teeth ×2
    6. RocketeerRocketeer
    7. Wind
    8. RocketeerRocketeer
    9. Wind
    10. Radar TowerRadar Tower
    11. RocketeerRocketeer
    12. GauntletGauntletdone 7:10
    13. Wind
    14. CenturionCenturion
    15. Wind
    16. RocketeerRocketeer
    17. Mex
    18. Wind
    19. Construction BotCon bot
    20. Radar TowerRadar Tower
    21. Wind
    22. Construction BotCon bot
    23. Wind
    24. Construction BotCon bot
    25. Wind
    26. Construction BotCon bot ×2
    27. Wind ×5
    28. Con turret
    29. Wind ×2
    30. PawnPawn ×2
    31. Wind
    32. PawnPawn
    33. Wind
    34. PawnPawn
    35. Con turret
    36. Wind
    37. Advanced Metal ExtractorT2 mexdone 8:32 · typical 9:46
    38. PawnPawn
    39. Wind
    40. Con turret
    41. Wind
    42. BeamerBeamer
    43. PawnPawn
    44. Wind
    45. BeamerBeamer
    46. Dragon's TeethDragon's Teeth ×3
    47. Wind
    48. PawnPawn
    49. Dragon's TeethDragon's Teeth
    50. Advanced Metal ExtractorT2 mex
    51. Dragon's TeethDragon's Teeth ×2
    52. Wind ×2
    53. Dragon's TeethDragon's Teeth ×2
    54. BeamerBeamer
    55. Dragon's TeethDragon's Teeth ×2
    56. Wind
    57. Dragon's TeethDragon's Teeth ×3
    58. PawnPawn
    59. Wind
    60. Advanced Metal ExtractorT2 mex
    61. Wind
    62. Dragon's TeethDragon's Teeth
    63. GauntletGauntlet
    64. Dragon's TeethDragon's Teeth
    65. PawnPawn
    66. Dragon's TeethDragon's Teeth ×4
    67. Wind ×3
    68. Dragon's TeethDragon's Teeth
    69. PawnPawn
    70. Wind
    71. Dragon's TeethDragon's Teeth
    72. Wind
    73. PawnPawn
    74. BeamerBeamer
    75. Wind
    76. Advanced Metal ExtractorT2 mex
    77. PawnPawn
    78. Wind
    79. BeamerBeamer
    80. PawnPawn
    81. Wind
    82. PawnPawn
    83. Wind
    84. PawnPawn ×2
    85. Wind
    86. PawnPawn
    87. Wind
    88. Advanced Metal ExtractorT2 mex
    89. Construction BotCon bot
    90. Wind
    91. PawnPawn
    92. Con turret
    93. Wind
    94. PawnPawn
    95. RattlesnakeRattlesnakedone 11:32
    96. Wind
    97. PawnPawn
    98. Con turret
    99. Wind
    100. Con turret
    101. PawnPawn
    102. Wind
    103. Con turret
    104. PawnPawn
    105. Con turret ×2
    106. Wind
    107. PawnPawn
    108. Con turret
    109. Dragon's TeethDragon's Teeth
    110. Wind
    111. Dragon's TeethDragon's Teeth
    112. PawnPawn
    113. Con turret
    114. Dragon's TeethDragon's Teeth ×2
    115. Con turret
    116. Dragon's TeethDragon's Teeth
    117. PawnPawn
    118. Dragon's TeethDragon's Teeth ×2
    119. BeamerBeamer
    120. Wind
    121. Con turret
    122. Dragon's TeethDragon's Teeth ×4
    123. PawnPawn
    124. Dragon's TeethDragon's Teeth
    125. PawnPawn ×3
    126. Wind
    127. PawnPawn
    128. BeamerBeamer
    129. PawnPawn ×3
    130. Vehicle PlantVehicle Plantdone 12:32
    131. PawnPawn
    132. Wind
    133. Vehicle PlantVehicle Plantdone 12:37
    134. PawnPawn ×3
    135. Wind ×2
    136. PawnPawn
    137. Wind
    138. PawnPawn
    139. Wind
    140. PawnPawn
    141. Wind
    142. PawnPawn
    143. Wind
    144. PawnPawn
    145. Wind ×3
    146. PawnPawn
    147. Wind
    148. PawnPawn ×2
    149. Wind
    150. PawnPawn
    151. Wind
    152. PawnPawn
    153. Wind
    154. PawnPawn
    155. Wind
    156. BlitzBlitz ×2
    157. PawnPawn
    158. BlitzBlitz
    159. Wind
    160. PawnPawn
    161. BlitzBlitz ×2
    162. Construction BotCon bot
    163. BlitzBlitz ×2
    164. Wind ×2
    165. Construction BotCon bot
    166. BlitzBlitz ×2
    167. Construction BotCon bot
    168. BlitzBlitz ×3
    169. PawnPawn
    170. BlitzBlitz
    171. Wind
    172. BlitzBlitz
    173. PawnPawn
    174. BlitzBlitz ×2
    175. PawnPawn
    176. BlitzBlitz ×2
    177. PawnPawn
    178. BlitzBlitz ×2
    179. Wind
    180. PawnPawn
    181. Wind
    182. BlitzBlitz
    183. PawnPawn
    184. BlitzBlitz
    185. Mex
    186. BlitzBlitz
    187. PawnPawn
    188. Wind
    189. BlitzBlitz ×2
    190. PawnPawn
    191. BlitzBlitz
    192. Wind ×2
    193. PawnPawn
    194. BlitzBlitz
    195. PawnPawn
    196. BlitzBlitz
    197. TickTick
    198. BlitzBlitz
    199. TickTick
    200. BlitzBlitz ×2
    201. TickTick
    202. Wind
    203. BlitzBlitz
    204. TickTick
    205. BlitzBlitz ×2
    206. TickTick
    207. BlitzBlitz
    208. TickTick
    209. Wind
    210. BlitzBlitz ×2
    211. TickTick
    212. Wind ×2
    213. BlitzBlitz ×2
    214. TickTick
    215. Wind
    216. TickTick
    217. BlitzBlitz
    218. Wind
    219. TickTick
    220. BlitzBlitz ×2
    221. TickTick
    222. BlitzBlitz ×2
    223. TickTick
    224. Wind ×2
    225. BlitzBlitz
    226. Converter
    227. TickTick
    228. BlitzBlitz ×2
    229. TickTick
    230. Wind
    231. BlitzBlitz ×2
    232. TickTick
    233. Converter
    234. BlitzBlitz ×2
    235. TickTick

Counts are medians over the build's games: half of them build more, half fewer. The example game is heihallo's (31 OS, 12/10/2026); pick another.

Team trades

IN AT LEAST 30% OF ITS GAMES

You hand over

Nothing regular.

You get

  • Tidal Generator4 Tidal from Pondfirst at 0:11 · in 68% of games
  • Advanced Construction Bot1 T2 con bot from Geo or Techfirst at 7:41 · in 57% of games

How it plays out

Typical game of this build, running totals by minute

Metal produced

010k20k
0:005:0010:0015:00

metal

Enemy metal destroyed

05k10k
0:005:0010:0015:00

metal

Own metal lost

05k10k
0:005:0010:0015:00

metal

2395 games.

Show as table
ByMetal produced: This buildEnemy metal destroyed: This buildOwn metal lost: This build
1:0023000
2:0088600
3:002007184130
4:003108643501
5:0041841352998
6:00534921831707
7:00654430512590
8:00776039353502
9:00903546904383
10:001041253145163
11:001188958585965
12:001358364066686
13:001540468757453
14:001729875038214
15:001929281099007
WHAT THE NUMBERS SAY

Standard Suicide front play wins a bit over half its games while taking the heaviest own losses of any role by 15:00.

  • + Produces 20142 metal by 15:00, highest of the front roles.
  • + First kill by 2:01 in all games, fastest contest of middle.
  • − Own metal lost hits 9178 by 15:00, more than enemy metal destroyed.
  • − Only 34% Rocketeer share shows army spread thin across many bot types.
THE EXAMPLE YOU ARE READING

heihallo

31.4 OS · 12/10/2026

Open source match ↗

7 received units · includes a constructor
80 metal received · 10079 energy received

Allied construction assistance is unknown. Timings are observations, not a promise of solo reproducibility.

Typical milestones

Bot Lab0:21Middle 50%: 0:20–0:33 · n=2387
Advanced Metal Extractor9:46Middle 50%: 8:50–10:58 · n=1732

Played most by

_X_262games of this buildPlatinumBlonde188games of this buildXad165games of this buildTrapCaT109games of this buildImmort80games of this build
Standard suicide front · Armada Suicide front build order · BAR Build Atlas